Map: [ESL] Alcyone

Players

Harstem - Winner!

  • Race: Protoss Protoss
  • Spawn Location: 7:00

Reynor

  • Race: Zerg Zerg
  • Spawn Location: 1:00

Event: ESL SC2 Masters 2023 Winter (Finals)

VOD

Have the link to the VOD?

Description

Time

  • Played on: Dec. 16, 2023, 10 a.m.
  • Length: 15:41

All games in this series

Show
View Real Time Build Order
Export as new Build Order

Harstem Protoss - Winner!

Build Orders: 1 Gate Expand, Oracle Opening, Zealot Archon 

Get SALT Encoding   

  12  0:00  Probe  
  13  0:12  Probe  
  14  0:17  Pylon  
  14  0:24  Probe (Chrono Boost)  
  15  0:30  Assimilator  
  15  0:37  Probe (Chrono Boost)  
  16  0:45  Probe (Chrono Boost)  
  16  0:47  Gateway  
  17  0:51  Probe  
  18  1:03  Probe  
  19  1:15  Probe  
  20  1:22  Nexus  
  20  1:35  Cybernetics Core  
  20  1:36  Probe  
  21  1:43  Assimilator  
  21  1:48  Probe  
  21  1:50  Pylon  
  22  2:00  Probe  
  23  2:10  Adept (Chrono Boost)  
  23  2:11  Stargate  
  23  2:12  Probe  
  26  2:23  Warp Gate  
  26  2:24  Probe  
  27  2:30  Adept (Chrono Boost)  
  27  2:35  Probe  
  27  2:36  Probe  
  31  2:47  Probe  
  31  2:48  Probe  
  33  2:53  Oracle (Chrono Boost)  
  33  2:54  Zealot  
  38  2:59  Probe  
  38  3:00  Probe  
  38  3:05  Pylon  
  40  3:11  Probe  
  41  3:21  Oracle (Chrono Boost), Probe  
  41  3:24  Probe  
  46  3:27  Gateway  
  46  3:33  Probe  
  47  3:36  Probe  
  48  3:45  Nexus, Probe  
  49  3:48  Probe  
  49  3:50  Pylon  
  48  3:56  Oracle (Chrono Boost)  
  48  3:59  Probe  
  48  4:00  Probe  
  53  4:11  Probe  
  53  4:13  Probe  
  53  4:15  Assimilator, Stalker  
  57  4:17  Assimilator  
  57  4:23  Probe, Stalker  
  60  4:25  Pylon  
  60  4:30  Forge  
  60  4:33  Probe  
  60  4:36  Probe  
  62  4:39  Pylon  
  62  4:46  Probe  
  62  4:52  Probe  
  64  4:54  Stalker x2  
  64  4:57  Probe  
  69  5:00  Gateway  
  69  5:01  Gateway, Probe  
  69  5:04  Probe  
  69  5:06  Protoss Ground Weapons Level 1 (Chrono Boost)  
  71  5:09  Probe  
  71  5:10  Shield Battery  
  72  5:14  Probe  
  72  5:17  Stalker x2  
  77  5:23  Probe (Chrono Boost)  
  77  5:25  Probe (Chrono Boost)  
  77  5:26  Twilight Council  
  77  5:27  Probe (Chrono Boost)  
  80  5:35  Probe (Chrono Boost)  
  82  5:36  Shield Battery  
  82  5:37  Probe (Chrono Boost)  
  82  5:38  Probe (Chrono Boost)  
  82  5:41  Robotics Facility, Probe (Chrono Boost)  
  82  5:42  Probe x2 (Chrono Boost)  
  84  5:47  Stalker  
  84  5:48  Stalker  
  84  5:49  Probe  
  91  5:52  Probe  
  91  5:56  Probe  
  93  5:59  Assimilator  
  93  6:03  Nexus  
  93  6:04  Assimilator  
  93  6:06  Pylon  
  93  6:08  Charge (Chrono Boost)  
  93  6:13  Templar Archives  
  93  6:16  Pylon  
  93  6:24  Probe x2  
  95  6:29  Zealot x3, Gateway  
  95  6:30  Gateway  
  101  6:34  Probe  
  101  6:39  Zealot  
  105  6:41  Pylon  
  105  6:44  Gateway x2, Immortal (Chrono Boost)  
  108  6:55  Pylon  
  108  6:56  Pylon  
  108  6:59  Photon Cannon  
  108  7:03  Zealot, Pylon  
  108  7:04  High Templar  
  108  7:05  High Templar, Zealot  
  108  7:06  Protoss Ground Weapons Level 2 (Chrono Boost)  
  116  7:10  Archon  
  116  7:11  Shield Battery  
  116  7:16  Assimilator  
  116  7:17  Probe  
  116  7:19  Gateway  
  116  7:21  Assimilator  
  116  7:22  Gateway  
  117  7:24  Probe  
  117  7:26  High Templar x2  
  117  7:27  High Templar x2  
  117  7:29  Probe  
  128  7:30  Shield Battery, Probe  
  128  7:31  Probe  
  128  7:33  Archon  
  128  7:34  Archon  
  128  7:36  Probe  
  130  7:37  Phoenix (Chrono Boost)  
  130  7:42  Shield Battery  
  132  7:46  Zealot x3  
  127  7:51  Zealot, Photon Cannon  
  127  7:56  Phoenix (Chrono Boost)  
  129  8:01  High Templar x2  
  129  8:02  Probe  
  134  8:07  Photon Cannon, Probe  
  134  8:08  Photon Cannon  
  134  8:12  Archon, Phoenix  
  135  8:15  High Templar x2  
  141  8:20  Archon  
  141  8:21  Cybernetics Core  
  141  8:25  Zealot x5  
  151  8:34  Zealot x2  
  155  8:37  Phoenix (Chrono Boost)  
  154  8:47  Pylon  
  152  8:55  High Templar x2  
  155  8:56  High Templar  
  155  9:02  Archon, Pylon  
  155  9:03  Phoenix (Chrono Boost)  
  155  9:06  Photon Cannon  
  155  9:07  Pylon  
  155  9:08  Photon Cannon  
  157  9:12  Protoss Ground Weapons Level 3 (Chrono Boost)  
  157  9:13  High Templar x2  
  157  9:14  High Templar  
  163  9:17  Immortal (Chrono Boost), Probe  
  163  9:20  Photon Cannon  
  166  9:29  Zealot x5  
  176  9:32  Archon x2  
  176  9:36  Psionic Storm  
  177  9:45  Probe  
  177  9:48  Pylon  
  177  9:49  Immortal (Chrono Boost), Pylon  
  133  10:05  Phoenix  
  133  10:06  High Templar x2, Zealot  
  133  10:07  Zealot x7  
  145  10:14  Archon  
  145  10:20  Probe  
  138  10:23  Immortal (Chrono Boost)  
  140  10:28  High Templar  
  140  10:29  High Templar, Zealot x5  
  140  10:30  Phoenix  
  140  10:34  Archon  
  156  10:43  High Templar x2  
  156  10:44  Zealot  
  160  10:55  Phoenix  
  161  11:09  High Templar x4  
  161  11:10  Zealot x4  
  174  11:13  Probe  
  174  11:14  Probe  
  174  11:15  Shield Battery  
  166  11:28  Nexus  
  166  11:29  Pylon  
  166  11:36  Pylon  
  166  11:49  Protoss Shields Level 1 (Chrono Boost)  
  146  12:12  High Templar x4  
  146  12:13  High Templar x2  
  146  12:14  High Templar  
  152  12:19  Immortal  
  152  12:21  Blink, Archon  
  150  12:22  Archon x2  
  150  12:24  Zealot x3  
  154  12:33  Probe (Chrono Boost)  
  154  12:35  Assimilator  
  157  12:37  Photon Cannon, Probe x2 (Chrono Boost)  
  157  12:40  Photon Cannon  
  157  12:42  Photon Cannon  
  156  12:45  Probe (Chrono Boost)  
  156  12:46  Zealot x3, Fleet Beacon  
  156  12:49  Stargate  
  162  12:51  Archon  
  162  12:58  Warp Prism  
  158  13:05  Stalker  
  158  13:06  Stalker x4  
  168  13:16  Stalker x3  
  160  13:32  Zealot x5  
  170  13:45  Probe  
  167  13:52  Observer (Chrono Boost)  
  166  13:56  Nexus  
  166  14:00  High Templar x3  
  166  14:01  High Templar  
  174  14:06  Warp Prism (Chrono Boost)  
  166  14:10  Archon  
  166  14:11  Archon, Stalker  
  166  14:12  Stalker x4  
  166  14:14  Probe x2  
  166  14:16  Probe  
  179  14:24  Zealot  
  179  14:29  Tempest (Chrono Boost)  
  186  14:38  Tempest (Chrono Boost)  
  191  14:41  Zealot x4  
  183  15:00  Zealot x3  
  183  15:01  Zealot x5  
  183  15:06  Zealot  
  197  15:17  Zealot  
  183  15:30  Stalker x9  
Show
View Real Time Build Order
Export as new Build Order

Reynor Zerg 

Build Orders: Hatch First, Brood Lord Corruptor 

Get SALT Encoding   

  12  0:00  Drone  
  13  0:07  Drone  
  14  0:16  Overlord  
  14  0:22  Extractor, Drone  
  15  0:35  Drone  
  16  0:39  Drone  
  17  0:52  Hatchery  
  17  0:56  Drone  
  17  1:00  Drone  
  18  1:10  Extractor  
  17  1:14  Spawning Pool  
  17  1:18  Drone  
  17  1:20  Drone  
  18  1:26  Drone  
  19  1:37  Drone  
  20  1:48  Drone  
  21  2:03  Queen x2  
  21  2:04  Zergling x2  
  26  2:13  Overlord  
  26  2:16  Zergling x2  
  26  2:18  Metabolic Boost  
  26  2:21  Zergling x2  
  28  2:31  Drone x2  
  28  2:33  Drone  
  31  2:44  Hatchery  
  31  2:46  Queen  
  31  2:49  Zergling x2  
  33  2:53  Zergling x2  
  33  2:54  Overlord  
  33  2:57  Drone  
  33  2:58  Drone  
  36  3:09  Overlord  
  36  3:12  Queen  
  36  3:16  Drone x2  
  36  3:17  Drone x2  
  42  3:21  Drone x2  
  44  3:27  Queen  
  44  3:29  Overlord  
  44  3:31  Drone  
  47  3:41  Drone  
  45  3:45  Drone  
  46  3:52  Drone  
  46  3:53  Drone x3  
  46  3:54  Drone x3  
  52  3:57  Drone, Queen  
  52  3:58  Queen  
  56  4:06  Zergling x6  
  56  4:07  Drone  
  56  4:09  Spore Crawler  
  58  4:13  Evolution Chamber  
  58  4:15  Overlord  
  57  4:17  Drone  
  57  4:19  Drone, Spore Crawler  
  58  4:25  Drone  
  58  4:28  Drone x2  
  58  4:29  Drone  
  58  4:30  Spore Crawler, Overlord  
  61  4:32  Drone  
  61  4:35  Drone  
  61  4:38  Overlord  
  63  4:41  Zerg Melee Weapons Level 1  
  63  4:42  Drone x3  
  63  4:44  Drone  
  67  4:51  Drone x2  
  67  4:52  Drone  
  67  4:58  Drone  
  68  5:05  Drone x3  
  68  5:06  Drone  
  72  5:08  Zergling x6  
  72  5:10  Hatchery  
  72  5:11  Lair  
  72  5:13  Zergling x4  
  72  5:14  Zergling x2  
  77  5:17  Queen  
  77  5:19  Extractor  
  77  5:23  Drone x3  
  77  5:28  Overlord  
  79  5:29  Drone x2  
  79  5:31  Overlord  
  79  5:35  Drone x2  
  81  5:37  Overlord  
  81  5:41  Extractor, Drone  
  81  5:45  Overlord  
  81  5:46  Drone x3  
  81  5:49  Drone x2  
  86  5:53  Zergling x2  
  88  5:57  Zergling x8  
  88  6:02  Zergling x6  
  94  6:04  Zergling x8  
  94  6:08  Drone  
  94  6:10  Extractor  
  98  6:12  Extractor, Overseer  
  98  6:14  Drone, Spire  
  98  6:16  Drone x2  
  99  6:20  Drone  
  99  6:22  Queen  
  99  6:23  Drone  
  99  6:25  Drone x2  
  105  6:26  Drone  
  105  6:28  Extractor  
  105  6:29  Overlord  
  105  6:32  Zergling x10, Extractor  
  110  6:33  Zergling x8  
  110  6:37  Zerg Melee Weapons Level 2  
  110  6:39  Drone  
  113  6:43  Drone x2  
  113  6:44  Drone  
  116  6:50  Overlord  
  116  6:53  Drone  
  117  6:55  Drone x2  
  117  6:56  Drone x3  
  117  6:58  Overlord  
  122  7:01  Zergling x6  
  122  7:02  Zergling x4  
  122  7:03  Overlord  
  126  7:11  Drone x3  
  126  7:12  Overseer  
  126  7:13  Overlord  
  129  7:25  Drone x4, Roach Warren, Overlord x2  
  132  7:31  Zerg Flyer Weapons Level 1  
  132  7:34  Spore Crawler  
  132  7:37  Mutalisk x8  
  131  7:38  Mutalisk  
  144  7:48  Mutalisk x2  
  136  7:54  Drone x9  
  133  7:59  Mutalisk  
  133  8:02  Zergling x10  
  135  8:06  Drone  
  135  8:07  Baneling Nest  
  135  8:09  Zergling x4  
  135  8:10  Zergling x2  
  138  8:18  Drone x3  
  141  8:21  Infestation Pit, Hatchery  
  139  8:27  Zergling x22  
  139  8:33  Overlord  
  150  8:43  Overlord  
  150  8:46  Roach x8  
  148  8:56  Roach  
  148  8:57  Roach x7  
  148  9:00  Overlord  
  158  9:07  Roach x3  
  158  9:10  Hive  
  158  9:13  Ravager x3  
  158  9:16  Zergling x2, Roach x4  
  169  9:19  Overlord  
  166  9:33  Ravager x2  
  166  9:34  Zergling x12  
  166  9:37  Baneling x6  
  174  9:44  Centrifugal Hooks  
  173  9:46  Zergling x2, Roach x2  
  173  9:47  Zergling x6  
  173  9:55  Zergling x20  
  162  10:09  Drone x6  
  161  10:21  Hatchery  
  161  10:24  Baneling x15  
  161  10:27  Glial Reconstitution  
  159  10:33  Drone x4, Greater Spire  
  154  10:46  Ravager  
  154  10:47  Ravager  
  153  10:54  Adrenal Glands  
  153  10:55  Zergling x20  
  153  10:56  Zergling x2  
  153  10:57  Zergling x4  
  153  11:09  Queen  
  155  11:19  Corruptor x8  
  155  11:22  Corruptor  
  163  11:26  Corruptor  
  161  11:35  Drone x10  
  161  11:37  Drone x2  
  161  11:38  Drone  
  174  11:46  Overlord  
  174  11:47  Overlord x2  
  174  11:50  Overlord  
  174  11:53  Zerg Melee Weapons Level 3  
  174  11:54  Overlord  
  164  12:03  Overlord  
  142  12:09  Drone x4  
  142  12:11  Drone x3  
  134  12:16  Drone x6  
  134  12:21  Drone x3  
  133  12:36  Brood Lord x5  
  130  12:46  Zergling x18, Extractor  
  130  12:47  Extractor  
  130  12:49  Drone x3  
  130  12:50  Drone  
  138  12:57  Corruptor x2  
  142  13:03  Zergling x8  
  121  13:27  Drone x3  
  121  13:35  Queen  
  121  13:36  Queen  
  121  13:40  Brood Lord x4  
  131  13:43  Zergling x18  
  131  13:45  Brood Lord  
  131  13:46  Queen  
  142  13:49  Drone x3  
  142  13:50  Drone  
  142  13:51  Drone  
  146  13:55  Zergling x6  
  146  13:56  Zergling x2  
  144  14:03  Drone x3  
  144  14:05  Brood Lord  
  144  14:07  Queen  
  150  14:17  Viper x2  
  150  14:21  Queen x2  
  150  14:23  Drone x2  
  162  14:45  Zergling x18  
  164  15:05  Queen x2  
  167  15:08  Zergling x22  
  171  15:20  Drone x4  
Tags
 
Add a new tag
Caveats
  • Supply blocks, unpowered buildings, or Contaminate may cause inaccurate times.
  • Supply counts are checked every 10 seconds.